AoeStats
← ZonTik

Arena

509561589Analyzed
2v2 RM · 6d ago on Sep 27, 2026· 43m 29s· 4 players
Game mode
Random Map
Map size
Medium (4 player)
Population
200
Speed
Normal
Resources
Standard
Victory
Conquest
Starting age
Dark Age
Ending age
Imperial Age
RankedLock teamsTeams togetherTeam positionsShared explorationLock speedFull tech treeHidden civsTurbo modeCheats
Victory
Defeat
🇷🇺 Japanese · Russia
637
+7
🇷🇺 Danes · Russia
628
+8
🇮🇹 Sicilians · Italy
576
-12
🇦🇺 Portuguese · Australia
249
-3
NATO♥ ҉
0:37 Loom
16:26 Feudal Age
18:42 Wheelbarrow
17:53 Town Watch
20:50 Horse Collar
25:55 Castle Age
24:58 Stone Mining
24:59 Gold Mining
30:21 Caravan
30:59 Double-Bit Axe
32:45 Hand Cart
32:31 Town Patrol
32:59 Bow Saw
33:55 Pikeman
34:21 Arson
bs-32
11:29 Feudal Age
13:24 Double-Bit Axe
14:00 Horse Collar
18:56 Gold Mining
22:01 Castle Age
21:19 Stone Mining
27:12 Gold Shaft Mining
27:13 Stone Shaft Mining
29:13 Loom
34:27 Imperial Age
32:19 Bow Saw
32:14 Heavy Plow
33:03 Forging
32:54 Scale Mail Armor
33:00 Scale Barding Armor
32:56 Padded Archer Armor
32:46 Fletching
33:23 Pikeman
35:20 Husbandry
35:34 Bloodlines
35:42 Hauberk
36:33 Crop Rotation
35:55 Cavalier
37:15 Town Watch
38:06 Wheelbarrow
38:03 Elite Serjeant
38:26 Cranequins
LadyBoy
9:22 Feudal Age
9:49 Double-Bit Axe
11:38 Horse Collar
19:15 Castle Age
18:01 Stone Mining
18:03 Gold Mining
19:04 Fletching
19:25 Forging
20:16 Bodkin Arrow
21:34 Stone Mining
26:54 Gold Shaft Mining
26:14 Crossbowman
27:43 Scale Mail Armor
32:07 Iron Casting
31:34 Padded Archer Armor
31:51 Chain Mail Armor
32:33 Treadmill Crane
33:41 Squires
33:26 Arson
33:27 Gambesons
35:02 Thumb Ring
ZonTik
10:51 Feudal Age
16:15 Castle Age
15:24 Double-Bit Axe
16:01 Horse Collar
18:09 Stone Mining
19:13 Gold Mining
23:00 Fletching
24:06 Stone Shaft Mining
24:03 Bodkin Arrow
25:39 Heavy Plow
28:41 Ballistics
30:53 Imperial Age
28:38 Forging
28:34 Scale Barding Armor
28:32 Scale Mail Armor
29:47 Wheelbarrow
30:45 Hand Cart
30:42 Bow Saw
30:56 Squires
30:41 Gambesons
30:43 Arson
30:24 Hamask
33:01 Conscription
32:59 Elite Varangian Guard
35:05 Chemistry
34:55 Iron Casting
35:15 Chain Mail Armor
37:53 Blast Furnace
37:24 Plate Mail Armor
38:01 Capped Ram
39:10 Siege Engineers
39:06 Siege Ram
Connection lost

Rejoining the realm…

Still unreachable

The connection could not be restored.

Session expired

The server has moved on; the page needs a fresh start.